 Dungeon Crawl Stone Soup version 0.32-a0-473-gd044c6f (webtiles) character file.

Game seed: 17258681135808240997

95 Remcycle the Chopper (level 4, -7/38 HPs)
             Began as a Draconian Fighter on Feb 25, 2024.
             Mangled by a gnoll
             ... wielding a +0 halberd
              (9 damage)
             ... on level 2 of the Dungeon.
             The game lasted 00:02:56 (1428 turns).

Remcycle the Chopper (Draconian Fighter)            Turns: 1428, Time: 00:02:57

Health: -7/38      AC:  6    Str: 21    XL:     4   Next: 39%
Magic:  4/4        EV: 12    Int:  8    God:
Gold:   91         SH:  4    Dex: 10    Spells: 3/3 levels left

rFire   . . .        a - +0 war axe
rCold   . . .        b - +0 buckler
rNeg    . . .        (body armour unavailable)
rPois   .            (helmet restricted)
rElec   .            g - +0 cloak
rCorr   .            (no gloves)
SInv    +            (no boots)
Will    .....        (no amulet)
Stlth   +            i - ring of see invisible
HPRegen 0.26/turn    (no ring)
MPRegen 0.09/turn

%: no passive effects
@: mighty
A: AC +5, unfitting armour, cold-blooded
a: no special abilities


You were on level 2 of the Dungeon.
You visited 1 branch of the dungeon, and saw 2 of its levels.

You collected 91 gold pieces.

Inventory:

Hand Weapons
 a - a +0 war axe (weapon)
Armour
 b - a +0 buckler (worn)
 g - a +0 cloak (worn)
Jewellery
 i - a ring of see invisible (left hand)
Scrolls
 d - a scroll of revelation {unknown}
 e - a scroll of teleportation {unknown}
 h - a scroll of immolation {unknown}
 k - a scroll of fear {unknown}
 l - a scroll of brand weapon {unknown}
Potions
 c - a potion of might
 f - 2 potions of enlightenment {unknown}
 j - a potion of cancellation {unknown}


   Skills:
 - Level 3.2 Fighting
 * Level 4.0 Axes
 - Level 2.6 Dodging
 + Level 3.9 Shields


You had 3 spell levels left.
You didn't know any spells.
Your spell library contained the following spells:

 Spells                   Type           Power      Damage    Failure   Level
 Frozen Ramparts          Ice            0%         1d1       85%         3
 Leda's Liquefaction      Alch/Erth      0%         N/A       99%         4
 Petrify                  Alch/Erth      0%         N/A       99%         4
 Metabolic Englaciation   Hex/Ice        0%         N/A       100%        5


Dungeon Overview and Level Annotations

Branches:
Dungeon (2/15)

Altars:

Shops:
D:1 !

Annotations:
D:2 1 runed translucent door, Crazy Yiuf


Innate Abilities, Weirdness & Mutations

Your plain brown scales are hard. (AC +5)
You cannot fit into any form of body armour.
You are cold-blooded and may be slowed by cold attacks.


Message History

You hit the gnoll.
The gnoll is lightly wounded.
The gnoll hits you with a +0 club. x2
You slash the gnoll!
The gnoll is severely wounded.
You closely miss the gnoll. The gnoll closely misses you.
You block the gnoll's attack.
You hit the gnoll but do no damage.
Your tail-slap misses the gnoll.
The gnoll is severely wounded.
You hit the gnoll. You barely miss the gnoll.
The gnoll hits you with a +0 club. The gnoll completely misses you.
You block the gnoll's attack.
You closely miss the gnoll.
The gnoll is severely wounded.
You barely miss the gnoll. You hit the gnoll but do no damage.
You block the gnoll's attack. The gnoll hits you but does no damage.
The gnoll closely misses you. The gnoll misses you.
The gnoll completely misses you. The gnoll hits you with a +0 whip.
You block the gnoll's attack.
You slash the gnoll!
You kill the gnoll!
You hit the gnoll. You closely miss the gnoll.
The gnoll hits you from afar with a +0 halberd!
The gnoll hits you with a +0 whip. The gnoll misses you.
Your Axes skill increases to level 4!
Unknown command.
The gnoll hits you with a +0 halberd!
* * * LOW HITPOINT WARNING * * *
The gnoll hits you with a +0 whip!
* * * LOW HITPOINT WARNING * * *
The gnoll hits you but does no damage.
Things that are here:
a +0 club; a gnoll corpse You feel very mighty all of a sudden.
The gnoll barely misses you. The gnoll closely misses you.
The gnoll completely misses you.
You barely miss the gnoll. You tail-slap the gnoll.
The gnoll is lightly wounded.
You closely miss the gnoll. x2; The gnoll hits you with a +0 halberd!
You die...

#.... #.........# #..##
# #.........# #..#
##.#.........######..##
...#.......#...........
.............######.##
#...:......# #.#
#..#..g.......######<#
#....g@...†..........#
#.....g?.##..#########
#....######..# ## #....
....# #. ...#. ###.##
#. .# #. ### ## # ### #


You could see 3 gnolls.

Vanquished Creatures
  Natasha (D:2)
  2 adders (D:2)
  2 gnolls
  A dart slug (D:1)
  2 ball pythons (D:1)
  2 bats (D:1)
  2 endoplasms (D:1)
  4 goblins
  2 hobgoblins (D:2)
  5 quokkas
  5 frilled lizards
  A kobold (D:1)
  5 rats
34 creatures vanquished.

Notes
Turn   | Place    | Note
-------+----------+-------------------------------------------
     0 | D:1      | Remcycle the Draconian Fighter began the quest for the Orb.
     0 | D:1      | Reached XP level 1. HP: 19/19 MP: 1/1
   217 | D:1      | Reached XP level 2. HP: 21/26 MP: 2/2
   306 | D:1      | Found Ushrahadut's Distillery.
   457 | D:1      | Reached skill level 3 in Axes
   457 | D:1      | Reached XP level 3. HP: 11/31 MP: 3/3
  1252 | D:2      | Found a runed translucent door.
  1253 | D:2      | Noticed Crazy Yiuf
  1373 | D:2      | Noticed Natasha
  1380 | D:2      | Killed Natasha
  1381 | D:2      | Reached XP level 4. HP: 29/38 MP: 4/4
  1426 | D:2      | Reached skill level 4 in Axes
  1426 | D:2      | HP: 1/38 [gnoll/+0 whip (7)]
  1428 | D:2      | Mangled by a gnoll

Illustrated notes

Levels and vault maps discovered:
D:1:      evilmike_arrival_fibonacci_small, layout_basic, serial_shops, shop,
          minmay_ruptured
D:2:      layout_loops_ring, corexii_hall_statues_deadend, uniq_natasha,
          uniq_crazy_yiuf_cottage

Skill      XL: |  1  2  3  4 |
---------------+-------------+-----
Axes           | 3 4 |  4.0
Fighting       | |  3.2
Dodging        | |  2.6
Shields        | |  3.9

Action                     |  1- 3 |  4- 6 || total
---------------------------+-------+-------++-------
  Melee: War axe           |    92 |     9 ||   101
         Tailslap          |     7 |     1 ||     8
    Use: Potion            |       |     1 ||     1
 Armour: Skin              |    52 |    12 ||    64
  Dodge: Dodged            |    53 |    10 ||    63
  Block: Buckler           |    22 |     4 ||    26

Table legend: (Time is in decaauts)
 A = Elapsed time spent in this place.
 B = Non-inter-level travel time spent in this place.
 C = Inter-level travel time spent in this place.
 D = Time resting spent in this place.
 E = Time spent auto-exploring this place.
 F = Levels seen in this place.
 G = Mean time per level.
                   A        B        C        D        E       F      G
               +--------+--------+--------+--------+--------+-----+--------+
         Total |   1472 |   1357 |    115 |     78 |   1018 |   2 |  736.0 |
       Dungeon |   1472 |   1357 |    115 |     78 |   1018 |   2 |  736.0 |
               +--------+--------+--------+--------+--------+-----+--------+

Top non-repeatable levels by time:
     D:1: 978 daAuts
     D:2: 494 daAuts
